Map: Abyssal Reef LE

Players

Maplez - Winner!

  • Race: Protoss Protoss
  • League: Master
  • Spawn Location: 5:00

Benjadeath

  • Race: Zerg Zerg
  • League: Master
  • Spawn Location: 11:00

VOD

Have the link to the VOD?

Description

Time

  • Played on: May 7, 2017, 5:32 p.m.
  • Length: 12:20
Show
View Real Time Build Order
Export as new Build Order

Maplez Protoss - Winner!

Build Orders: 1 Gate Expand 

Get SALT Encoding   

  12  0:02  Probe (Chrono Boost)  
  13  0:12  Probe (Chrono Boost)  
  14  0:19  Pylon  
  14  0:23  Probe (Chrono Boost)  
  15  0:38  Probe (Chrono Boost)  
  15  0:40  Gateway  
  16  0:48  Probe (Chrono Boost)  
  17  0:50  Assimilator  
  17  0:59  Probe (Chrono Boost)  
  18  1:09  Probe (Chrono Boost)  
  19  1:20  Probe (Chrono Boost)  
  20  1:27  Nexus  
  20  1:30  Probe (Chrono Boost)  
  21  1:39  Cybernetics Core  
  21  1:43  Probe (Chrono Boost)  
  22  1:49  Assimilator  
  22  1:55  Pylon  
  22  1:58  Probe (Chrono Boost)  
  23  2:11  Warp Gate  
  23  2:12  Adept  
  23  2:15  Probe (Chrono Boost)  
  26  2:26  Twilight Council  
  26  2:27  Probe (Chrono Boost)  
  27  2:36  Stalker  
  27  2:38  Probe (Chrono Boost)  
  27  2:42  Probe (Chrono Boost)  
  31  2:50  Probe (Chrono Boost)  
  31  2:51  Resonating Glaives  
  32  2:52  Probe (Chrono Boost)  
  33  3:03  Probe (Chrono Boost)  
  33  3:04  Probe (Chrono Boost)  
  35  3:15  Probe (Chrono Boost)  
  35  3:16  Probe (Chrono Boost)  
  38  3:27  Probe (Chrono Boost)  
  38  3:29  Gateway  
  38  3:30  Probe (Chrono Boost), Gateway  
  39  3:39  Probe (Chrono Boost)  
  39  3:41  Pylon  
  40  3:44  Probe (Chrono Boost)  
  41  3:50  Gateway  
  41  3:51  Gateway  
  41  3:55  Gateway  
  41  4:00  Gateway  
  42  4:03  Probe (Chrono Boost)  
  42  4:05  Probe (Chrono Boost)  
  42  4:08  Robotics Facility  
  43  4:12  Stargate  
  43  4:16  Probe (Chrono Boost)  
  44  4:19  Probe (Chrono Boost)  
  44  4:22  Gateway  
  47  4:32  Pylon  
  47  4:34  Adept  
  47  4:35  Adept x2  
  51  4:46  Pylon, Adept  
  51  4:52  Adept x2  
  57  4:56  Pylon, Adept x2  
  61  5:00  Pylon  
  61  5:06  Adept x2  
  65  5:15  Adept x4  
  73  5:25  Adept  
  73  5:26  Adept x3  
  71  5:44  Adept  
  71  5:45  Adept x3  
  71  5:49  Assimilator  
  71  5:53  Assimilator, Blink  
  71  5:54  Probe (Chrono Boost)  
  61  5:58  Probe (Chrono Boost)  
  61  6:07  Probe (Chrono Boost), Robotics Facility  
  62  6:17  Probe (Chrono Boost)  
  62  6:19  Probe (Chrono Boost)  
  62  6:24  Stalker x4  
  66  6:31  Probe (Chrono Boost)  
  65  6:33  Pylon  
  65  6:37  Probe (Chrono Boost)  
  66  6:44  Probe (Chrono Boost)  
  66  6:46  Stalker x3  
  73  6:47  Stalker  
  73  6:49  Probe (Chrono Boost)  
  73  6:50  Adept  
  75  6:55  Adept x2  
  75  6:56  Probe (Chrono Boost)  
  79  7:07  Adept  
  79  7:11  Immortal  
  78  7:17  Probe (Chrono Boost)  
  82  7:23  Adept x2  
  84  7:34  Adept x3  
  87  7:38  Probe (Chrono Boost)  
  87  7:39  Probe (Chrono Boost)  
  86  7:46  Nexus  
  86  7:52  Sentry x3  
  86  7:57  Pylon  
  92  7:59  Pylon  
  91  8:12  Immortal  
  95  8:27  Probe (Chrono Boost)  
  95  8:28  Probe (Chrono Boost)  
  95  8:31  Stalker x4  
  99  8:35  Pylon  
  99  8:37  Pylon  
  99  8:39  Probe (Chrono Boost)  
  96  8:45  Forge  
  96  8:46  Immortal  
  96  8:50  Adept  
  102  8:55  Adept  
  102  8:56  Adept  
  102  8:59  Adept  
  102  9:02  Probe (Chrono Boost)  
  109  9:04  Protoss Ground Weapons Level 1  
  109  9:07  Mothership Core (Chrono Boost)  
  111  9:13  Adept x2  
  111  9:14  Adept  
  111  9:16  Pylon  
  117  9:21  Probe (Chrono Boost)  
  118  9:25  Stalker x2  
  118  9:28  Stalker  
  121  9:55  Stalker x5  
  121  9:56  Stalker  
  131  10:02  Warp Prism  
  127  10:13  Assimilator  
  129  10:14  Assimilator  
  129  10:17  Robotics Facility  
  129  10:19  Adept  
  129  10:20  Adept x5  
  141  10:29  Pylon  
  141  10:32  Photon Cannon  
  141  10:34  Photon Cannon  
  141  10:46  Nexus  
  141  10:50  Stalker x2  
  141  10:51  Stalker x2  
  141  10:56  Pylon  
  141  11:23  Adept x5  
  141  11:24  Adept  
  153  11:36  Dark Shrine  
  153  11:38  Pylon  
  133  11:52  Adept x4  
  139  12:01  Probe (Chrono Boost)  
  142  12:02  Probe x2 (Chrono Boost)  
  140  12:10  Zealot x2  
Show
View Real Time Build Order
Export as new Build Order

Benjadeath Zerg 

Build Orders: 3 Hatch before Pool 

Get SALT Encoding   

  12  0:01  Drone  
  13  0:12  Overlord  
  13  0:17  Drone  
  14  0:31  Drone x2  
  16  0:36  Drone  
  17  0:56  Drone  
  18  0:59  Hatchery  
  18  1:00  Drone  
  18  1:20  Hatchery  
  18  1:24  Drone  
  18  1:27  Drone  
  19  1:35  Extractor  
  18  1:41  Spawning Pool  
  18  1:44  Drone  
  18  1:47  Drone  
  18  1:51  Drone  
  20  2:00  Drone  
  21  2:11  Overlord  
  21  2:26  Drone x2  
  21  2:28  Queen x2  
  27  2:35  Zergling x4  
  27  2:37  Zergling x2  
  30  2:42  Metabolic Boost  
  30  2:45  Drone  
  30  2:49  Drone  
  30  2:50  Drone  
  33  2:58  Queen  
  35  3:00  Drone  
  34  3:16  Drone x3  
  34  3:17  Drone  
  38  3:25  Drone x2  
  38  3:26  Drone x2  
  41  3:28  Overlord  
  41  3:37  Evolution Chamber  
  41  3:38  Overlord  
  41  3:39  Drone  
  41  3:47  Drone x2  
  43  3:48  Drone  
  43  3:49  Drone x3  
  43  3:50  Drone x2  
  43  3:52  Overlord  
  49  4:04  Lair  
  49  4:05  Drone x2, Roach Warren  
  49  4:07  Drone  
  49  4:08  Drone  
  52  4:12  Zerg Melee Weapons Level 1  
  52  4:13  Drone  
  52  4:15  Extractor  
  52  4:16  Drone  
  54  4:17  Extractor, Drone  
  54  4:19  Overlord  
  54  4:22  Drone x2  
  56  4:24  Drone  
  56  4:25  Drone  
  56  4:31  Overlord  
  57  4:35  Overlord  
  57  4:36  Extractor  
  56  4:41  Overlord  
  56  4:42  Overlord  
  56  4:43  Drone  
  56  4:44  Drone x3  
  61  4:45  Zergling x2  
  61  4:46  Zergling x2  
  62  4:55  Spore Crawler  
  62  4:56  Spore Crawler  
  62  4:58  Overlord  
  62  4:59  Roach x4  
  68  5:01  Overseer  
  68  5:03  Roach  
  68  5:04  Zergling x2  
  71  5:11  Roach  
  71  5:12  Roach x2  
  66  5:15  Zergling x2, Roach  
  66  5:16  Zergling x2  
  70  5:23  Roach  
  70  5:27  Roach  
  61  5:41  Zergling x2  
  61  5:42  Zergling x6  
  60  5:55  Drone x2  
  61  6:01  Drone  
  61  6:02  Drone  
  63  6:05  Drone  
  55  6:29  Drone x2  
  55  6:30  Drone x7  
  61  6:46  Roach x4  
  66  6:55  Drone x2  
  67  7:02  Drone x2  
  67  7:03  Drone x2  
  67  7:07  Queen  
  71  7:09  Drone  
  72  7:15  Drone  
  72  7:16  Drone  
  72  7:19  Drone  
  74  7:34  Drone x2  
  74  7:35  Drone x5  
  78  7:41  Glial Reconstitution  
  78  7:43  Drone  
  79  7:46  Drone x2  
  81  7:52  Drone  
  81  7:53  Drone x3  
  81  7:57  Hatchery  
  84  8:04  Drone x3  
  87  8:08  Drone x2, Infestation Pit  
  87  8:09  Extractor  
  87  8:10  Extractor  
  87  8:12  Zerg Melee Weapons Level 2  
  86  8:13  Queen  
  86  8:15  Drone x3  
  86  8:16  Drone  
  79  8:42  Drone x2  
  79  8:43  Drone  
  79  8:44  Drone x2  
  79  8:45  Drone x4  
  79  8:46  Overlord  
  88  8:52  Roach x3  
  94  8:57  Baneling Nest  
  94  9:00  Zergling x4  
  95  9:03  Baneling Nest  
  95  9:04  Drone  
  95  9:07  Zergling x2  
  96  9:12  Zergling x2  
  96  9:13  Zergling x4  
  99  9:18  Drone x4  
  99  9:19  Drone  
  99  9:22  Drone  
  99  9:23  Drone  
  99  9:24  Drone x3  
  109  9:29  Drone x3  
  109  9:30  Hive  
  109  9:31  Drone x2  
  114  9:34  Drone  
  114  9:36  Drone  
  114  9:50  Drone x6  
  114  9:51  Drone  
  115  9:56  Overlord  
  109  10:06  Drone  
  109  10:07  Drone x4  
  111  10:09  Drone  
  111  10:10  Drone x2  
  111  10:12  Extractor x2  
  114  10:15  Overlord  
  114  10:18  Overlord  
  114  10:19  Centrifical Hooks  
  114  10:20  Zergling x6  
  114  10:21  Zergling x4  
  119  10:22  Zergling x4  
  119  10:24  Zergling x2  
  119  10:25  Zergling x2, Queen  
  125  10:28  Hatchery  
  125  10:29  Spire  
  125  10:33  Zergling x8  
  125  10:34  Zergling x2  
  125  10:35  Zergling x2  
  129  10:37  Zergling x4  
  129  10:38  Zergling x4  
  133  10:43  Zergling x4  
  135  10:53  Drone, Ultralisk Cavern  
  135  10:54  Zergling x4  
  135  10:55  Zergling x2  
  138  10:58  Baneling x3  
  138  10:59  Baneling x2  
  138  11:01  Queen  
  133  11:06  Baneling  
  133  11:07  Baneling  
  133  11:08  Baneling x6  
  133  11:09  Zergling x8  
  133  11:10  Zergling x6  
  136  11:17  Overlord x3  
  129  11:21  Baneling x6  
  129  11:22  Ravager x2  
  129  11:23  Ravager  
  103  11:45  Zergling x2  
  103  11:46  Zergling x24  
  92  11:55  Zergling x4  
  92  11:57  Baneling  
  92  11:58  Baneling x5  
  92  11:59  Zergling x4  
  93  12:02  Zergling x4  
Tags
 
Add a new tag
Caveats
  • Supply blocks, unpowered buildings, or Contaminate may cause inaccurate times.
  • Supply counts are checked every 10 seconds.